 Dungeon Crawl Stone Soup version 0.21-a0-1-gaf3b9a5 (webtiles) character file.

806 Gorglomux the Vexing (level 7, -4/53 HPs)
             Began as a Vampire Arcane Marksman on May 20, 2017.
             Killed from afar by an orc wizard (7 damage)
             ... with a puff of flame
             ... on level 5 of the Dungeon.
             The game lasted 00:10:14 (6063 turns).

Gorglomux the Vexing (Vampire Arcane Marksman)      Turns: 6063, Time: 00:10:14

Health: -4/53      AC:  6    Str:  9    XL:     7   Next: 60%
Magic:  5/9        EV: 13    Int: 15    God:
Gold:   8          SH:  0    Dex: 17    Spells: 4/9 levels left

rFire    . . .     SeeInvis +   b - +0 hunting sling
rCold    + . .     Gourm    .   (no shield)
rNeg     + + .     Faith    .   f - +0 robe
rPois    +         Spirit   .   q - +0 helmet
rElec    .         Reflect  .   (no cloak)
rCorr    .         Harm     .   m - +0 pair of gloves
MR       .....                  (no boots)
Stlth    ++++......             (no amulet)
Regen    0.1/turn               l - +2 ring of protection
MPRegen  0.2/turn               (no ring)

@: regenerating slowly
A: fangs 3, see invisible, unbreathing
a: Bat Form


You were on level 5 of the Dungeon.
You were very thirsty.

You visited 1 branch of the dungeon, and saw 5 of its levels.

You collected 228 gold pieces.
You spent 220 gold pieces at shops.

Inventory:

Hand Weapons
 a - a +0 dagger
   (You took it off a kobold on level 1 of the Dungeon)
 b - a +0 hunting sling (weapon)
Missiles
 d - 25 sling bullets (quivered)
 g - 19 stones
 t - 5 curare-tipped needles
Armour
 f - a +0 robe (worn)
 m - a +0 pair of gloves (worn)
   (You found it on level 2 of the Dungeon)
 q - a +0 helmet (worn)
   (You found it on level 3 of the Dungeon)
 w - a +2 helmet
   (You found it on level 4 of the Dungeon)
Jewellery
 l - a +2 ring of protection (left hand)
   (You found it on level 2 of the Dungeon)
Scrolls
 j - a scroll of remove curse {unknown}
 k - 2 scrolls of immolation {unknown}
 n - 2 scrolls of enchant weapon {unknown}
 o - 2 scrolls of identify {unknown}
 p - 2 scrolls of teleportation {unknown}
 r - a scroll of fear {unknown}
Potions
 e - 3 potions of blood {@q1}
 h - 2 potions of heal wounds {unknown}
 i - 2 potions of haste
 s - 2 potions of flight {unknown}
 u - 2 potions of agility
 v - a potion of resistance {unknown}
 x - a potion of lignification {!q}
 z - a potion of curing
Books
 c - a book of Debilitation


   Skills:
 + Level 3.8 Fighting
 + Level 4.0 Slings
 - Level 2.1 Dodging
 - Level 6.1 Stealth
 + Level 1.7 Spellcasting
 - Level 7.1 Hexes


You had 4 spell levels left.
You knew the following spells:

 Your Spells              Type           Power        Failure   Level  Hunger
a - Cause Fear            Hex            ###.......   12%         4    #####..
v - Corona                Hex            ###....      1%          1    ##.....


Dungeon Overview and Level Annotations

Branches:
Dungeon (5/15)
 Temple: D:4-7

Altars:

Shops:
D:4 !

Annotations:
D:4 MTVSty1e's ghost, amateur GrFi


Innate Abilities, Weirdness & Mutations

You heal slowly.
You have razor-sharp teeth.
You have supernaturally acute eyesight. (SInv)
You can survive without breathing.


Message History

The orc wizard looks frightened!
The orc wizard casts a spell.
The orc wizard flickers and vanishes for a moment.
The orc wizard mumbles some strange words.
The orc wizard flickers and vanishes for a moment.
Cornered, the orc wizard turns to fight!
Cornered, the orc wizard turns to fight!
Aim: an orc wizard, wielding a dagger and wearing a robe (severely wounded, slightly transparent)
You shoot a stone.
The stone hits the orc wizard but does no damage.
The orc wizard casts a spell at you.
You are confused.
Aim: an orc wizard, wielding a dagger and wearing a robe (severely wounded, slightly transparent)
You shoot a stone.
Aim: an orc wizard, wielding a dagger and wearing a robe (severely wounded, slightly transparent)
You shoot a stone.
The orc wizard points at you and mumbles some strange words.
You easily resist.
Aim: an orc wizard, wielding a dagger and wearing a robe (severely wounded, slightly transparent)
You shoot a stone.
Aim: an orc wizard, wielding a dagger and wearing a robe (severely wounded, slightly transparent)
You shoot a stone. The orc wizard closely misses you.
Aim: an orc wizard, wielding a dagger and wearing a robe (severely wounded, slightly transparent)
You shoot a stone. The orc wizard barely misses you.
Aim: an orc wizard, wielding a dagger and wearing a robe (severely wounded, slightly transparent)
You shoot a stone. The orc wizard casts a spell.
The orc wizard seems to speed up.
The orc wizard barely misses you.
You bump into the rock wall.
You feel less confused.
The orc wizard hits you but does no damage. x2
The orc wizard gestures at you while chanting.
The magic dart hits you!
You see here a stone.
The orc wizard hits you but does no damage.
The orc wizard hits you but does no damage.
The orc wizard hits you with a dagger.
You see here a stone.
The orc wizard casts a spell at you. The puff of frost hits you! You resist.
Aim: an orc wizard, wielding a dagger and wearing a robe (severely wounded)
You shoot a sling bullet.
The sling bullet hits the orc but does no damage.
Aim: an orc wizard, wielding a dagger and wearing a robe (severely wounded)
You shoot a sling bullet.
The sling bullet hits the orc but does no damage.
The orc barely misses you.
The orc wizard looks encouraged for a moment.
Aim: an orc wizard, wielding a dagger and wearing a robe (severely wounded)
You shoot a sling bullet.
The sling bullet closely misses the orc.
The sling bullet hits the orc wizard.
Aim: an orc wizard, wielding a dagger and wearing a robe (almost dead)
You shoot a sling bullet.
The sling bullet completely misses the orc wizard.
The sling bullet hits the orc but does no damage.
Aim: an orc wizard, wielding a dagger and wearing a robe (almost dead)
You shoot a sling bullet.
The sling bullet hits the orc wizard but does no damage.
The orc wizard hits you with a dagger.
Aim: an orc wizard, wielding a dagger and wearing a robe (almost dead)
You shoot a sling bullet.
The sling bullet barely misses the orc wizard.
The sling bullet hits the orc but does no damage.
The orc wizard hits you with a dagger. x2
Aim: an orc wizard, wielding a dagger and wearing a robe (almost dead)
You shoot a sling bullet.
The sling bullet barely misses the orc wizard.
The sling bullet hits the orc but does no damage.
The orc wizard hits you but does no damage. x2
The orc wizard barely misses you.
Aim: an orc wizard, wielding a dagger and wearing a robe (almost dead)
You shoot a sling bullet.
The sling bullet closely misses the orc wizard.
The sling bullet completely misses the orc.
The orc wizard hits you but does no damage.
The orc wizard casts a spell at you. The magic dart hits you!
* * * LOW HITPOINT WARNING * * *
Aim: an orc wizard, wielding a dagger and wearing a robe (almost dead)
You shoot a sling bullet. The sling bullet hits the orc wizard.
You kill the orc wizard!
Your Slings skill increases to level 4!
The orc wizard hits you but does no damage.
The orc wizard hits you with a dagger.
* * * LOW HITPOINT WARNING * * *
Aim: an orc, wielding a falchion and wearing a scale mail You shoot a sling bullet.
The sling bullet hits the orc but does no damage.
Aim: an orc, wielding a falchion and wearing a scale mail You shoot a sling bullet.
The sling bullet hits the orc wizard.
The orc looks frightened!
The orc wizard looks frightened!
Cornered, the orc wizard turns to fight!
The orc wizard casts a spell at you. The puff of flame hits you!
* * * LOW HITPOINT WARNING * * *
The orc wizard casts a spell at you. The puff of flame hits you!
You die...

### #### #o#####..###
#.....o)(.(#
##....####.##
##....###(.#
##....##.o#####
####....##....)#######o
#..##.......((.((((((..
#...##@...###########..
#.....#..## ..
##.......# ..
#.......## ..
#........## ..
##........## ..
#.........## #.
#..........##
##..........#


You could see an orc wizard (invisible).

Vanquished Creatures
  Grinder (D:3)
  2 phantoms
  2 orc priests
  A hound (D:4)
  Jessica (D:2)
  Natasha (twice) (D:3)
  An iguana (D:4)
  An orc wizard (D:5)
  2 worker ants
  8 adders
  3 oozes
  4 worms
  2 leopard geckos
  16 orcs
  3 giant cockroaches
  6 goblins
  2 hobgoblins (D:3)
  9 kobolds
  3 quokkas
  2 ball pythons
  5 bats
  A frilled lizard (D:2)
  7 rats
84 creatures vanquished.

Notes
Turn   | Place    | Note
-------+----------+-------------------------------------------
     0 | D:1      | Gorglomux the Vampire Arcane Marksman began the quest for the Orb.
     0 | D:1      | Reached XP level 1. HP: 14/14 MP: 2/2
   198 | D:1      | Reached skill level 1 in Stealth
   249 | D:1      | Reached skill level 1 in Fighting
   398 | D:1      | Reached XP level 2. HP: 21/21 MP: 1/3
   573 | D:1      | You fall through a shaft!
   573 | D:2      | Noticed Jessica
   597 | D:2      | Killed Jessica
   597 | D:2      | Reached skill level 2 in Slings
   597 | D:2      | Reached skill level 2 in Stealth
   597 | D:2      | Reached skill level 5 in Hexes
   597 | D:2      | Reached XP level 3. HP: 19/26 MP: 2/4
   655 | D:2      | Reached skill level 3 in Stealth
  1107 | D:2      | Reached XP level 4. HP: 32/32 MP: 5/5
  1925 | D:2      | Reached skill level 2 in Fighting
  2038 | D:3      | Reached XP level 5. HP: 22/38 MP: 6/6
  2046 | D:3      | Reached skill level 4 in Stealth
  2331 | D:3      | Noticed a phantom
  2465 | D:3      | Killed a phantom
  2623 | D:3      | Reached skill level 6 in Hexes
  3037 | D:3      | Learned a level 4 spell: Cause Fear
  3216 | D:3      | Noticed Grinder
  3232 | D:3      | Paralysed by Grinder for 5 turns
  3462 | D:3      | Paralysed by Grinder for 2 turns
  3477 | D:3      | HP: 8/39 [Grinder (6)]
  3478 | D:3      | Killed Grinder
  3478 | D:3      | Reached skill level 3 in Fighting
  3478 | D:3      | Reached skill level 3 in Slings
  3478 | D:3      | Reached skill level 5 in Stealth
  3478 | D:3      | Reached XP level 6. HP: 7/47 MP: 7/7
  3979 | D:3      | Noticed Natasha
  3993 | D:3      | Killed Natasha
  4389 | D:4      | Found Diodayny's Distillery.
  4425 | D:4      | Reached XP level 7. HP: 52/52 MP: 6/8
  4534 | D:4      | Reached skill level 6 in Stealth
  4534 | D:4      | Reached skill level 7 in Hexes
  4634 | D:4      | Noticed MTVSty1e's ghost (amateur GrFi)
  5477 | D:4      | Bought a potion of lignification for 33 gold pieces
  5477 | D:4      | Bought a potion of agility for 44 gold pieces
  5477 | D:4      | Bought a potion of haste for 110 gold pieces
  5477 | D:4      | Bought a potion of curing for 33 gold pieces
  5484 | D:3      | Noticed Natasha
  5492 | D:3      | Killed Natasha
  5618 | D:5      | Entered Level 5 of the Dungeon
  6053 | D:5      | HP: 12/53 [orc wizard/magic dart (6)]
  6054 | D:5      | Reached skill level 4 in Slings
  6063 | D:5      | HP: 3/53 [orc wizard/puff of flame (8)]
  6063 | D:5      | Killed from afar by an orc wizard

Vault maps used:
D:1:      dpeg_arrival_three_same_balls
D:2:      first_bread, fountainhead, uniq_jessica
D:3:      minmay_box_of_dots, uniq_natasha, uniq_grinder
D:4:      serial_shops, shop

Skill      XL: |  1  2  3  4  5  6  7 |
---------------+----------------------+-----
Stealth        | 1 2 3 5 6 |  6.1
Fighting       | 1 2 3 |  3.8
Slings         | 2 3 4 |  4.0
Hexes          | 5 6 7 |  7.1
Dodging        | |  2.1
Spellcasting   | |  1.7

Action                   |  1- 3 |  4- 6 |  7- 9 || total
-------------------------+-------+-------+-------++-------
Melee: Unarmed           |     7 |       |       ||     7
       Bite              |     1 |     1 |       ||     2
       Dagger            |       |    12 |       ||    12
 Fire: Hunting sling     |    88 |   281 |   219 ||   588
Throw: Stone             |     1 |     1 |       ||     2
 Cast: Corona            |    10 |     4 |       ||    14
       Cause Fear        |       |     3 |     5 ||     8
 Abil: End Transformatio |       |     1 |       ||     1
       Bat Form          |       |     1 |       ||     1
  Use: Potion            |       |     9 |     4 ||    13
Armor: Robe              |     2 |    26 |    20 ||    48
Dodge: Dodged            |    17 |   134 |    53 ||   204

Vault maps used:
D:1:      dpeg_arrival_three_same_balls
D:2:      first_bread, fountainhead, uniq_jessica
D:3:      minmay_box_of_dots, uniq_natasha, uniq_grinder
D:4:      serial_shops, shop

Table legend:
 A = Turns spent in this place as a percentage of turns spent in the entire game.
 B = Non-inter-level travel turns spent in this place as a percentage of non-inter-level travel turns spent in the entire game.
 C = Inter-level travel turns spent in this place as a percentage of turns spent in this place.
 D = Turns resting spent in this place as a percentage of non-inter-level travel turns spent in this place.
 E = Turns spent auto-exploring this place as a percentage of non-inter-level travel turns spent in this place.
 F = Non-inter-level travel turns spent in this place divided by the number of levels of this place that you've seen.
                   A       B       C       D       E      F
               +-------+-------+-------+-------+-------+----------------------
         Total | 100.0 | 100.0 |   0.4 |   4.5 |   6.7 | 321.6
       Dungeon | 100.0 | 100.0 |   0.4 |   4.5 |   6.7 | 321.6
               +-------+-------+-------+-------+-------+----------------------

Table legend:
 A = Kills in this place as a percentage of kills in entire the game.
 B = Kills by you in this place as a percentage of kills by you in the entire game.
 C = Kills by friends in this place as a percentage of kills by friends in the entire game.
 D = Other kills in this place as a percentage of other kills in the entire game.
 E = Experience gained in this place as a percentage of experience gained in the entire game.
 F = Experience gained in this place divided by the number of levels of this place that you have seen.
                   A       B       C       D       E      F
               +-------+-------+-------+-------+-------+----------------------
         Total | 100.0 | 100.0 |  -nan |  -nan | 100.0 | 230.4
       Dungeon | 100.0 | 100.0 |  -nan |  -nan | 100.0 | 230.4
               +-------+-------+-------+-------+-------+----------------------
